 Dungeon Crawl Stone Soup version 0.15.1-1-gfacfea3 (webtiles) character file.

247 Kold the Poker (level 6, -1/50 HPs)
             Began as a Merfolk Abyssal Knight on Sept 20, 2014.
             Was a Believer of Lugonu.
             Killed by a spatial distortion (4 damage)
             ... on Level 3 of the Dungeon.
             The game lasted 00:05:44 (2697 turns).

Kold the Poker (Merfolk Abyssal Knight)             Turns: 2697, Time: 00:05:44

HP  -1/50        AC  4     Str 12      XL: 6   Next: 11%
MP   7/8         EV 13     Int 12      God: Lugonu [**....]
Gold 137         SH  0     Dex 15      Spells:  0 memorised,  5 levels left

rFire  . . .     SeeInvis .     a - +2 spear
rCold  . . .     Clarity  +     b - +1 leather armour
rNeg   . . .     rCorr    .     (no shield)
rPois  .         rRot     .     (no helmet)
rElec  .         Spirit   .     (no cloak)
SustAb .         Warding  .     (no gloves)
rMut   .         Stasis   .     (no boots)
Gourm  .                        m - amulet of clarity
MR     .....                    (no ring)
                                t - ring of invisibility

@: very slightly contaminated, not resistant to hostile enchantments, unstealthy
A: change form in water, swift swim
a: Depart the Abyss, Bend Space, Renounce Religion, Evoke Invisibility


You were on level 3 of the Dungeon.
You worshipped Lugonu.
Lugonu was pleased with you.
You were not hungry.

You visited 1 branch of the dungeon, and saw 3 of its levels.
You visited the Abyss 1 time.

You collected 137 gold pieces.

Inventory:

Hand weapons
 a - a +2 spear (weapon)
Missiles
 e - a stone (quivered)
Armour
 b - a +1 leather armour (worn)
Magical devices
 r - a wand of polymorph (11) {unknown}
Comestibles
 c - 2 bread rations
 h - 2 meat rations
 p - a chunk of orc flesh
 s - 4 chunks of orc flesh
Scrolls
 i - 3 scrolls of amnesia
 j - a scroll of identify
 n - a scroll of random uselessness
Jewellery
 m - an amulet of clarity (around neck)
 t - a ring of invisibility (left hand)
Potions
 d - 2 potions of agility


   Skills:
 - Level 4.8 Fighting
 - Level 5.2 Polearms
 - Level 0.7 Armour
 - Level 5.0 Dodging
 + Level 1.3 Stealth
 - Level 2.5 Invocations


You had 5 spell levels left.
You didn't know any spells.

Dungeon Overview and Level Annotations

Branches:
Dungeon (3/15)

Altars:
Elyvilon
Okawaru
Trog
Xom

Annotations:
D:3 Grinder


Message History

The goblin hits you with a dagger.
* * * LOW HITPOINT WARNING * * *
Grinder gestures.
Grinder blinks!
You open the door. The hobgoblin misses you.
The goblin hits you but does no damage. The hobgoblin barely misses you.
Read which item? (? for menu, Esc to quit)
Okay, then.
The goblin misses you.
Grinder gestures.
Grinder blinks!
There is an open door here.
Use which ability? (? or * to list) Space bends around you!
You blink.
* * * LOW HITPOINT WARNING * * *
You feel slightly more hungry. The hobgoblin closely misses you.
A goblin comes into view. It is wielding a club.
Use which ability? (? or * to list) Space bends around you!
You blink.
You die...

####.###***,,,,,,,,**,* *,*
..##...,,,,,,****,,,,,* *,*
#.##..#*,***,**,,,,,,,* *,*
..##..#*,***,**,****,****,*
####).#*,,,,,,,,* *,,,,*,*
......#*############.####,*
..##.[# #.....##.........,*
..##..###....g'g.###.####**
..##..##.....g##@#,,,,,****
5.....##.#..ยง..5.#,*,,,,,,*
..#.).##.#..####.#,***,****
.....g...#..# #..,* *,*
......##.#..# ###,* *,*
......##.#..# *,* ***
............# *,*
.....?...g#.******,***
#...........,,,,,,,,,*


You could see Grinder, a hobgoblin and a goblin.

Vanquished Creatures
  A small abomination (Abyss:1)
  4 adders
  4 gnolls (D:2)
  A giant mite (D:2)
  4 worms (D:2)
  A giant gecko (D:1)
  An ooze (D:2)
  6 orcs (D:3)
  4 bats
  2 giant cockroaches (D:2)
  6 goblins
  5 hobgoblins
  4 giant newts
  4 kobolds
  5 rats
52 creatures vanquished.

Notes
Turn   | Place    | Note
--------------------------------------------------------------
     0 | Abyss:1  | Kold, the Merfolk Abyssal Knight, began the quest for the Orb.
     0 | Abyss:1  | Reached XP level 1. HP: 18/18 MP: 1/1
    36 | Abyss:1  | Noticed a small abomination
    45 | Abyss:1  | Noticed a neqoxec
    54 | Abyss:1  | Noticed a quasit
    61 | Abyss:1  | Killed a small abomination
    61 | Abyss:1  | Reached skill level 4 in Fighting
    61 | Abyss:1  | Reached XP level 2. HP: 23/26 MP: 2/2
    61 | Abyss:1  | Reached XP level 3. HP: 28/32 MP: 4/4
    61 | Abyss:1  | Reached XP level 4. HP: 33/38 MP: 5/5
    63 | Abyss:1  | Noticed a quasit
    64 | D:1      | Escaped the Abyss
   563 | D:1      | Acquired Lugonu's first power
   986 | D:2      | Reached XP level 5. HP: 20/43 MP: 6/6
  1738 | D:2      | Found a shimmering altar of Xom.
  1740 | D:2      | Found an iron altar of Okawaru.
  1871 | D:2      | Found a white marble altar of Elyvilon.
  1873 | D:2      | Found a bloodstained altar of Trog.
  2003 | D:2      | Reached skill level 5 in Polearms
  2284 | D:2      | Acquired Lugonu's second power
  2367 | D:3      | Reached XP level 6. HP: 39/50 MP: 8/8
  2370 | D:3      | Reached skill level 5 in Dodging
  2639 | D:3      | Reached skill level 1 in Stealth
  2668 | D:3      | Noticed Grinder
  2670 | D:3      | Paralysed by Grinder for 6 turns
  2697 | D:3      | Killed by a spatial distortion

Action                   |  1- 3 |  4- 6 || total
-------------------------+-------+-------++-------
Melee: Spear             |    11 |   220 ||   231
Invok: Depart the Abyss  |       |     1 ||     1
       Bend Space        |       |     1 ||     1
  Use: Potion            |       |     5 ||     5
       Scroll            |       |     8 ||     8
  Eat: Chunk             |       |     6 ||     6
